[Event "December 19 Late 2023"]
[Site "https://www.chess.com"]
[Date "2023.12.19"]
[Round "5"]
[White "Korol, Dimitry"]
[Black "Khater, Sherif"]
[Result "0-1"]
[Board "94"]
[TimeControl "180+1"]
[WhiteFideId "14108003"]
[BlackFideId "2034280"]
[WhiteElo "2262"]
[BlackElo "2543"]
[WhiteTeam "UKR"]
[BlackTeam "USA"]
[WhiteClock "0:00:04"]
[BlackClock "0:00:29"]

1. d4 a6 2. c4 b5 3. e4 Bb7 4. f3 bxc4 5. Bxc4 e6 6. d5 exd5 7. Bxd5 Bxd5 8. Qxd5 Nc6 9. Nc3 Nf6 10. Qc4 Nb4 11. Qe2 Be7 12. a3 Nc6 13. Be3 O-O 14. Rd1 Qb8 15. Nh3 Qb3 16. O-O Bxa3 17. bxa3 Qxc3 18. Rd3 Qc4 19. Qd2 Qb5 20. Bg5 Ne5 21. Rc3 Rfc8 22. Bxf6 Qb6+ 23. Nf2 Qxf6 24. Rfc1 c6 25. Nd3 Qd6 26. Qe3 Ng6 27. h3 h6 28. Nc5 Rab8 29. Rd3 Qg3 30. Nxd7 Rb2 31. Rd2 Rxd2 32. Qxd2 Nh4 33. Kh1 Kh8 34. Qe2 Rd8 35. Rd1 Ng6 36. Nc5 Rxd1+ 37. Qxd1 Nf4 38. Qd2 Qg5 39. Nd7 Nxh3 40. Qxg5 Nxg5 41. Ne5 c5 42. Kg1 Kg8 43. Kf2 Ne6 44. Ke3 Kf8 45. f4 Ke7 46. f5 Nd4 47. Nd3 Kd6 48. Kf4 f6 49. e5+ fxe5+ 50. Nxe5 Kd5 51. g4 c4 52. Ng6 c3 53. Ke3 Kc4 54. Nf4 c2 55. Kd2 Kb3 56. Ne6 Kb2 57. Nxd4 c1=Q+ 58. Kd3 Qf1+ 59. Ke4 Kxa3 60. Ne6 Qc4+ 61. Kf3 Qc3+ 62. Kf4 a5 63. Ke4 Kb2 64. Nf4 a4 65. Nd5 Qc6 66. Ke5 a3 67. Ne7 Qf6+ 68. Kf4 Qxe7 69. g5 Qxg5+ 70. Ke5 a2 71. Ke6 a1=Q 72. Kf7 Qa7+ 73. Kg8 Qd8+ 74. Kh7 g5+ 75. Kg6 Qe8+ 76. Kf6 Qd4# 0-1

[Event "December 19 Late 2023"]
[Site "https://www.chess.com"]
[Date "2023.12.19"]
[Round "5"]
[White "Silva, Kaua Marques"]
[Black "Pace, Christopher"]
[Result "0-1"]
[Board "95"]
[TimeControl "180+1"]
[WhiteFideId "22701168"]
[BlackFideId "2610167"]
[WhiteElo "2199"]
[BlackElo "2360"]
[WhiteTeam "BRA"]
[BlackTeam "CAN"]
[WhiteClock "0:01:03"]
[BlackClock "0:01:11"]

1. d4 Nf6 2. Nf3 g6 3. Nc3 Bg7 4. e4 d6 5. Be2 O-O 6. O-O e5 7. h3 exd4 8. Nxd4 Re8 9. Bf3 Nbd7 10. Re1 a5 11. Nd5 Nxd5 12. exd5 Rxe1+ 13. Qxe1 Bxd4 14. c3 Bg7 15. Bf4 Ne5 16. Be2 Bf5 17. Qd2 h5 18. Bf1 Qd7 19. Re1 Re8 20. Re3 Qd8 21. Re1 Nd7 22. Bb5 Rxe1+ 23. Qxe1 Nb6 24. c4 a4 25. Bc1 Bd7 26. Bxd7 Qxd7 27. b3 axb3 28. axb3 Kf8 29. Be3 Qe8 30. Qa5 Qe5 31. Bxb6 cxb6 32. Qa8+ Qe8 0-1

[Event "December 19 Late 2023"]
[Site "https://www.chess.com"]
[Date "2023.12.19"]
[Round "5"]
[White "Grapsa, Georgia"]
[Black "Kopczynski, Michal"]
[Result "1-0"]
[Board "96"]
[TimeControl "180+1"]
[WhiteFideId "4206436"]
[BlackFideId "1124200"]
[WhiteElo "1794"]
[BlackElo "2174"]
[WhiteTeam "GRE"]
[BlackTeam "POL"]
[WhiteClock "0:00:06"]
[BlackClock "0:00:05"]

1. d4 Nf6 2. e3 g6 3. f4 Bg7 4. Nf3 O-O 5. Bd3 d6 6. e4 Nfd7 7. c3 c5 8. Be3 Nc6 9. d5 Ncb8 10. Qc2 Na6 11. Nbd2 Nc7 12. h4 a6 13. h5 b5 14. hxg6 fxg6 15. Ng5 h6 16. Ne6 Nxe6 17. dxe6 Nf6 18. f5 g5 19. O-O-O b4 20. c4 Bb7 21. Nf3 a5 22. Bxg5 hxg5 23. Nxg5 b3 24. axb3 a4 25. bxa4 Qa5 26. b3 Ng4 27. Qe2 Qc3+ 28. Bc2 Ne3 29. Rd3 Qa1+ 30. Bb1 Qa3+ 31. Kd2 Bxe4 32. Kxe3 Bxd3 33. Qxd3 Rab8 34. Bc2 Qb2 35. g4 Qe5+ 36. Ne4 Rf6 37. Kd2 Qf4+ 38. Qe3 Qxe3+ 39. Kxe3 Rff8 40. Kf4 Rfd8 41. g5 Be5+ 42. Kg4 d5 43. cxd5 Rxd5 44. f6 exf6 45. gxf6 Rd4 46. Kf5 Bxf6 47. Nxf6+ Kf8 48. Rh8+ Ke7 49. Rxb8 Rd2 50. Re8+ Kd6 51. Rd8+ Kc7 52. Rxd2 Kb6 53. Rd5 Ka5 54. Rxc5+ Kb4 55. Rc4+ Ka3 56. e7 Kb2 57. e8=Q Ka3 58. Qe5 Ka2 59. Bd3 Ka3 60. Qa1+ Kxb3 61. Rc3+ Kb4 62. Qb2+ Ka5 63. Qb5# 1-0

[Event "December 19 Late 2023"]
[Site "https://www.chess.com"]
[Date "2023.12.19"]
[Round "5"]
[White "Crispin Ferreras, Darvi Abraham"]
[Black "Zimmermann, Ulrich"]
[Result "0-1"]
[Board "97"]
[TimeControl "180+1"]
[WhiteFideId "6402771"]
[BlackFideId "24654523"]
[WhiteElo "2149"]
[BlackElo "2223"]
[WhiteTeam "DOM"]
[BlackTeam "GER"]
[WhiteClock "0:01:06"]
[BlackClock "0:00:41"]

1. e4 e6 2. d4 d5 3. Nc3 Bb4 4. e5 c5 5. Bd2 Ne7 6. Nb5 Bxd2+ 7. Qxd2 O-O 8. f4 cxd4 9. Nf3 Nbc6 10. Bd3 f6 11. O-O Qb6 12. Kh1 Bd7 13. Nd6 fxe5 14. fxe5 Nxe5 15. Nxe5 Qxd6 16. Qg5 Nf5 17. Bxf5 Rxf5 18. Rxf5 exf5 19. Nf3 Re8 20. Nxd4 Qe7 21. Qxe7 Rxe7 22. Kg1 Re4 23. Rd1 Kf7 24. Kf2 Kf6 25. c3 Ba4 26. b3 Bc6 27. Nc2 f4 28. Nb4 Ke5 29. Nd3+ Kf5 30. Nc5 Re3 31. Rd3 b6 0-1

[Event "December 19 Late 2023"]
[Site "https://www.chess.com"]
[Date "2023.12.19"]
[Round "5"]
[White "Gallegos Diaz, Carlos Alberto"]
[Black "Osmak, Yuliia"]
[Result "1-0"]
[Board "98"]
[TimeControl "180+1"]
[WhiteFideId "3900886"]
[BlackFideId "14101602"]
[WhiteElo "2362"]
[BlackElo "2303"]
[WhiteTeam "VEN"]
[BlackTeam "UKR"]
[WhiteClock "0:00:08"]
[BlackClock "0:00:24"]

1. e4 b6 2. d4 Bb7 3. Nd2 e6 4. Bd3 Nf6 5. Ngf3 d5 6. Qe2 dxe4 7. Nxe4 Nxe4 8. Bxe4 Bxe4 9. Qxe4 Qd5 10. Qxd5 exd5 11. Bf4 c6 12. O-O-O f6 13. Rhe1+ Kf7 14. Re2 Nd7 15. Rde1 g5 16. Bg3 h5 17. h3 Kg6 18. Re6 Rc8 19. Bd6 Bh6 20. Ne5+ Nxe5 21. dxe5 g4+ 22. Kd1 Bg5 23. exf6 Rh7 24. Be7 Rf7 25. Rd6 Kf5 26. hxg4+ hxg4 27. Ree6 c5 28. Re1 d4 29. Rd5+ Kg6 30. Re6 Rh8 31. Ke2 Rh1 32. b4 Rc1 33. Kd3 Rd1+ 34. Kc4 Rd2 35. Kb3 Rxf2 36. bxc5 bxc5 37. Rxc5 Rxg2 38. Rcc6 g3 39. Re4 Kf5 40. Rxd4 Rf2 41. Rc5+ Kg6 42. Rg4 Rf3+ 43. c3 Rf5 44. Rxf5 Kxf5 45. Rxg3 Bf4 46. Rf3 Ke4 47. Rf1 Rh7 48. Kc4 Rf7 49. Re1+ Kf5 50. Kd5 Bd2 51. Rf1+ Kg4 52. Ke6 Rh7 53. f7 Bh6 54. Rh1 1-0

[Event "December 19 Late 2023"]
[Site "https://www.chess.com"]
[Date "2023.12.19"]
[Round "5"]
[White "petr577"]
[Black "Stojanovski, Sandi"]
[Result "1-0"]
[Board "99"]
[TimeControl "180+1"]
[BlackFideId "1403249"]
[WhiteElo "2308"]
[BlackElo "2530"]
[BlackTeam "DEN"]
[WhiteClock "0:01:24"]
[BlackClock "0:00:12"]

1. e4 d6 2. d4 Nf6 3. Nc3 g6 4. Be3 Bg7 5. h3 O-O 6. Qd2 e5 7. Nf3 exd4 8. Nxd4 Re8 9. Bd3 d5 10. exd5 Nxd5 11. Nxd5 Bxd4 12. Bc4 Bxb2 13. O-O c6 14. Bg5 Qd7 15. Bf6 cxd5 16. Bxb2 dxc4 17. Qc3 Kf8 18. Rae1 Re6 19. Qh8+ Ke7 20. Ba3+ 1-0

[Event "December 19 Late 2023"]
[Site "https://www.chess.com"]
[Date "2023.12.19"]
[Round "5"]
[White "Senft, Sean"]
[Black "Paragua, Megan Althea"]
[Result "0-1"]
[Board "100"]
[TimeControl "180+1"]
[WhiteFideId "2044960"]
[BlackFideId "30973007"]
[WhiteElo "2005"]
[BlackElo "1961"]
[WhiteTeam "USA"]
[BlackTeam "USA"]
[WhiteClock "0:00:13"]
[BlackClock "0:00:17"]

1. d4 Nf6 2. c4 e6 3. Nc3 d5 4. cxd5 exd5 5. Bg5 Bb4 6. e3 h6 7. Bh4 g5 8. Bg3 Ne4 9. Nf3 Nxc3 10. bxc3 Bxc3+ 11. Nd2 Bxa1 12. Qxa1 Be6 13. Qb1 Qc8 14. Bd3 c6 15. h4 g4 16. O-O Nd7 17. e4 O-O 18. e5 Kg7 19. Qc1 c5 20. Qc3 Qc6 21. Bb1 Rh8 22. f4 cxd4 23. Qd3 Nc5 24. Qxd4 Nd7 25. f5 Qb6 26. Qxb6 axb6 27. fxe6 fxe6 28. Nb3 Raf8 29. Rd1 Rc8 30. Nd4 Rhe8 31. h5 Rc3 32. Bh4 Nxe5 33. Bg6 Nxg6 34. hxg6 Kxg6 35. Nb3 Rf8 36. Bf2 Rc2 37. Bxb6 Rxa2 38. Nd4 Rff2 39. Nxe6 Rxg2+ 40. Kf1 Rh2 41. Bg1 Rh1 42. Nf4+ Kf5 43. Nxd5 g3 44. Ne3+ Kf4 45. Ng2+ Kf3 46. Ne1+ Kg4 47. Ng2 Rf2+ 48. Ke1 Rxg1# 0-1

[Event "December 19 Late 2023"]
[Site "https://www.chess.com"]
[Date "2023.12.19"]
[Round "5"]
[White "Srdanovic, Jovana"]
[Black "Polster, Christian"]
[Result "0-1"]
[Board "101"]
[TimeControl "180+1"]
[WhiteFideId "954810"]
[BlackFideId "12965081"]
[WhiteElo "2123"]
[BlackElo "2141"]
[WhiteTeam "SRB"]
[BlackTeam "GER"]
[WhiteClock "0:02:42"]
[BlackClock "0:01:04"]

1. d4 Nf6 2. c4 c5 3. d5 b5 4. cxb5 a6 5. e3 g6 6. Nc3 Bg7 7. e4 O-O 8. a4 d6 9. Be2 e6 10. Nf3 exd5 11. exd5 axb5 12. Nxb5 Bb7 13. Nc3 Nbd7 14. O-O Nb6 15. Bg5 h6 16. Bh4 g5 17. Bg3 Nbxd5 18. h4 Nxc3 19. bxc3 g4 20. Nh2 Ne4 21. Nxg4 Nxc3 22. Qd2 f5 23. Nxh6+ Kh7 24. Qxc3 Bxc3 0-1

[Event "December 19 Late 2023"]
[Site "https://www.chess.com"]
[Date "2023.12.19"]
[Round "5"]
[White "Silvestre, Christian"]
[Black "Yagupov, Igor"]
[Result "0-1"]
[Board "102"]
[TimeControl "180+1"]
[WhiteFideId "30956269"]
[BlackFideId "4113632"]
[WhiteElo "2267"]
[BlackElo "2179"]
[WhiteTeam "USA"]
[BlackTeam "RUS"]
[WhiteClock "0:01:15"]
[BlackClock "0:01:36"]

1. e4 c5 2. Nc3 Nc6 3. Bc4 e6 4. f4 Nge7 5. d3 d5 6. Bb3 Nd4 7. Nf3 Nxb3 8. axb3 Nc6 9. O-O Be7 10. f5 O-O 11. fxe6 fxe6 12. exd5 exd5 13. Qe2 Bg4 14. Qe1 Bxf3 15. Rxf3 Rxf3 16. gxf3 Nd4 17. Qf2 Qd7 18. Be3 Bf6 19. Ne2 Nxe2+ 20. Qxe2 Re8 21. Qf2 Rxe3 0-1

[Event "December 19 Late 2023"]
[Site "https://www.chess.com"]
[Date "2023.12.19"]
[Round "5"]
[White "Chemin, Justo Reinaldo"]
[Black "Benedetti, Julio"]
[Result "0-1"]
[Board "103"]
[TimeControl "180+1"]
[WhiteFideId "2101580"]
[BlackFideId "172545"]
[WhiteElo "1940"]
[BlackElo "2299"]
[WhiteTeam "BRA"]
[BlackTeam "ARG"]
[WhiteClock "0:00:00"]
[BlackClock "0:00:21"]

1. d4 Nf6 2. Bf4 d6 3. e3 g6 4. Nf3 Bg7 5. h3 O-O 6. Nbd2 Nbd7 7. c4 c5 8. Be2 Nh5 9. Bh2 cxd4 10. Nxd4 Nhf6 11. O-O Nc5 12. b4 Nce4 13. Nxe4 Nxe4 14. Qc2 Ng5 15. Rac1 Qb6 16. c5 Qxb4 17. cxd6 e5 18. Nb5 Bf5 19. Qc5 Qxc5 20. Rxc5 a6 21. Nc7 Rad8 22. Rd1 Ne4 23. Rcc1 Rxd6 24. Rxd6 Nxd6 25. Nd5 Be6 26. Ne7+ Kh8 27. a4 Bf6 28. Rc7 Re8 29. Nc6 bxc6 30. Rxc6 Ne4 31. Rxa6 Rc8 32. Bg3 Rc1+ 33. Kh2 Nxg3 34. fxg3 Bg5 35. Ra8+ Kg7 36. g4 Bxe3 37. Kg3 Bf4+ 38. Kf3 Bd5+ 39. Kf2 Bxa8 0-1

[Event "December 19 Late 2023"]
[Site "https://www.chess.com"]
[Date "2023.12.19"]
[Round "5"]
[White "Molenda, Marcin"]
[Black "Essing, Arnold"]
[Result "1/2-1/2"]
[Board "104"]
[TimeControl "180+1"]
[WhiteFideId "1173065"]
[BlackFideId "4619862"]
[WhiteElo "2286"]
[BlackElo "2257"]
[WhiteTeam "POL"]
[BlackTeam "GER"]
[WhiteClock "0:00:26"]
[BlackClock "0:00:23"]

1. Nf3 d5 2. c4 e6 3. g3 c5 4. Bg2 Nc6 5. cxd5 exd5 6. O-O Nf6 7. d4 Be7 8. dxc5 Bxc5 9. Nc3 O-O 10. Bg5 d4 11. Ne4 Be7 12. Nxf6+ Bxf6 13. Bxf6 Qxf6 14. Ne1 Bg4 15. Bxc6 bxc6 16. Nd3 Rfe8 17. f3 Bh3 18. Rf2 Bf5 19. Rc1 Rac8 20. Rc5 h6 21. Kg2 Bxd3 22. Qxd3 Re3 23. Qf5 Qxf5 24. Rxf5 Rce8 25. Rc5 Rxe2 26. Rxc6 d3 27. Rd6 Rxf2+ 28. Kxf2 Re2+ 29. Kf1 Rxb2 30. Rxd3 Rxa2 31. Kg1 g5 32. h4 gxh4 33. gxh4 Kg7 34. Rd6 a5 35. Ra6 h5 36. f4 Ra4 37. f5 Rxh4 38. Rxa5 Kf6 39. Kg2 Rf4 40. Kg3 Rxf5 41. Ra6+ Kg5 42. Ra8 Rb5 43. Rg8+ Kf5 44. Rh8 Rb3+ 45. Kh4 Ke4 46. Re8+ Kf4 47. Rf8 f5 48. Kxh5 Rh3+ 49. Kg6 Rg3+ 50. Kf6 Ra3 51. Kg6 Ra6+ 52. Kh5 Ke4 53. Kh4 f4 54. Kh3 Rg6 55. Ra8 Rd6 56. Kg2 Rd2+ 57. Kf1 Ke3 58. Ra3+ Ke4 59. Ra4+ Kf3 60. Ra3+ Kg4 61. Rb3 Rh2 62. Ra3 Rb2 63. Rc3 f3 64. Rc8 Kg3 65. Rg8+ Kf4 66. Rf8+ Ke3 67. Re8+ Kf4 68. Rf8+ Kg3 69. Rg8+ Kf4 70. Rf8+ 1/2-1/2

[Event "December 19 Late 2023"]
[Site "https://www.chess.com"]
[Date "2023.12.19"]
[Round "5"]
[White "Vanek, Tomas"]
[Black "Shapiro, Viktor"]
[Result "0-1"]
[Board "105"]
[TimeControl "180+1"]
[WhiteFideId "313459"]
[BlackFideId "4175700"]
[WhiteElo "2052"]
[BlackElo "2044"]
[WhiteTeam "CZE"]
[BlackTeam "RUS"]
[WhiteClock "0:00:23"]
[BlackClock "0:01:09"]

1. e4 Nf6 2. e5 Nd5 3. c4 Nb6 4. c5 Nd5 5. Nc3 e6 6. Bc4 Nxc3 7. bxc3 d6 8. cxd6 cxd6 9. Nf3 Nc6 10. exd6 Bxd6 11. O-O O-O 12. d4 e5 13. Nxe5 Nxe5 14. dxe5 Bxe5 15. Ba3 Qxd1 16. Raxd1 Bg4 17. f3 Rfc8 18. Bxf7+ Kxf7 19. fxg4+ Kg8 20. Rd7 b5 21. Rff7 Bxc3 22. Kf1 a5 23. Bd6 Rd8 24. h4 a4 25. a3 h6 26. g5 hxg5 27. hxg5 Rxd7 28. Rxd7 Re8 29. Rb7 Be5 30. Bb4 Rb8 31. Rxb8+ Bxb8 32. Ke2 Kf7 33. Kd3 Ke6 34. Ke4 g6 35. g4 Bd6 36. Bxd6 Kxd6 37. Kd4 Kc6 38. Kd3 Kc5 39. Kc3 b4+ 40. axb4+ Kb5 41. Kc2 Kxb4 42. Kb2 Kc4 43. Ka3 Kd4 44. Kxa4 Ke4 45. Kb4 Kf4 46. Kc3 Kxg5 47. Kd3 Kxg4 48. Ke2 Kg3 49. Kf1 g5 50. Kg1 g4 51. Kh1 Kf2 52. Kh2 g3+ 53. Kh1 g2+ 54. Kh2 g1=Q+ 55. Kh3 Qg5 56. Kh2 Qg2# 0-1

[Event "December 19 Late 2023"]
[Site "https://www.chess.com"]
[Date "2023.12.19"]
[Round "5"]
[White "Serban, Cristian-Stefan"]
[Black "Rose, Felix"]
[Result "1/2-1/2"]
[Board "106"]
[TimeControl "180+1"]
[WhiteFideId "1241443"]
[BlackFideId "5105722"]
[WhiteElo "2040"]
[BlackElo "2039"]
[WhiteTeam "ROU"]
[BlackTeam "MEX"]
[WhiteClock "0:00:15"]
[BlackClock "0:00:34"]

1. Nf3 Nf6 2. b3 d5 3. Bb2 e6 4. e3 Be7 5. c4 O-O 6. Nc3 b6 7. cxd5 Nxd5 8. Nxd5 Qxd5 9. Bc4 Qd8 10. O-O c5 11. d4 Bf6 12. Qe2 cxd4 13. Bxd4 Bxd4 14. Nxd4 Bb7 15. Rfd1 Qf6 16. Nb5 Qe7 17. Rac1 Nc6 18. Nd6 Ne5 19. Nxb7 Nxc4 20. Qxc4 Qxb7 21. Qd3 h6 22. Qd7 Qa6 23. Rd2 Rac8 24. Rcd1 Qa3 25. h3 Rc1 26. Rxc1 Qxc1+ 27. Kh2 Rc8 28. Rd4 Qc7+ 29. Qxc7 Rxc7 30. Rd8+ Kh7 31. Ra8 g5 32. Kg3 Kg6 33. e4 h5 34. h4 Rc3+ 35. f3 gxh4+ 36. Kh3 Rc7 37. a4 Rc3 38. Rxa7 Rxb3 39. Kxh4 Rb2 40. Kh3 Rb4 41. Ra8 Kf6 42. Kh4 Kg6 43. a5 bxa5 44. Rxa5 Rb2 45. Rg5+ Kf6 46. Kxh5 Rb1 47. e5+ Ke7 48. Rg8 Rg1 49. g4 Rf1 50. Ra8 Rxf3 51. Ra7+ Kf8 52. Kg5 Kg7 53. Ra5 Rf1 54. Rb5 Rf2 55. Ra5 Rf1 56. Rb5 Rf2 57. Ra5 Rf1 1/2-1/2

[Event "December 19 Late 2023"]
[Site "https://www.chess.com"]
[Date "2023.12.19"]
[Round "5"]
[White "Rangel, Daniel"]
[Black "Ivanov, Aleksandr"]
[Result "1-0"]
[Board "107"]
[TimeControl "180+1"]
[WhiteFideId "2124475"]
[BlackFideId "2092980"]
[WhiteElo "2267"]
[BlackElo "2158"]
[WhiteTeam "BRA"]
[BlackTeam "USA"]
[WhiteClock "0:01:35"]
[BlackClock "0:00:47"]

1. c4 e6 2. g3 d5 3. Bg2 c6 4. Nf3 dxc4 5. O-O b5 6. a4 Bb7 7. b3 cxb3 8. d4 b4 9. a5 c5 10. Bb2 Nf6 11. Qxb3 Nbd7 12. a6 Bd5 13. Qa4 c4 14. Ne5 c3 15. Nxc3 bxc3 16. Bxc3 Bxg2 17. Kxg2 Nd5 18. Ba5 Nb6 19. Bxb6 axb6 20. Qc6 Ra7 21. Qb5 Qa8+ 22. Kg1 Be7 23. Rfc1 Qd8 24. Nc6 Qa8 25. Nxa7 Qxa7 26. Rc8+ Bd8 27. Qc6 O-O 28. Ra8 Qc7 29. Qxc7 Bxc7 30. Rxf8+ Kxf8 31. a7 1-0

[Event "December 19 Late 2023"]
[Site "https://www.chess.com"]
[Date "2023.12.19"]
[Round "5"]
[White "Hernandez Santos, David Ale"]
[Black "Hamidi, Amir Mohammad"]
[Result "1-0"]
[Board "108"]
[TimeControl "180+1"]
[WhiteFideId "5132002"]
[BlackFideId "12563285"]
[WhiteElo "1553"]
[BlackElo "2217"]
[WhiteTeam "MEX"]
[BlackTeam "IRI"]
[WhiteClock "0:00:19"]
[BlackClock "0:00:02"]

1. d4 Nf6 2. Nc3 d5 3. Bf4 g6 4. e3 c5 5. h4 Bg7 6. h5 Nxh5 7. Rxh5 gxh5 8. Qxh5 cxd4 9. exd4 Be6 10. Nb5 Na6 11. O-O-O Qa5 12. a3 Rc8 13. Nxa7 Ra8 14. Nb5 Qb6 15. Nf3 Kf8 16. Ng5 Rc8 17. Kb1 Qc6 18. Bd3 h6 19. Nxe6+ Qxe6 20. Bf5 Qc6 21. Bxc8 Qxc8 22. Qxd5 Bf6 23. Be5 Qg4 24. f3 Qg5 25. Qxb7 Bxe5 26. dxe5 Nc5 27. Qc8+ Kg7 28. Qxc5 Rb8 29. Nc3 e6 30. Qc7 Rf8 31. g4 h5 32. gxh5 Qxh5 33. Qe7 Qf5 34. Rg1+ Kh8 35. Qh4+ Qh7 36. Qf6+ Qg7 37. Qxg7# 1-0

[Event "December 19 Late 2023"]
[Site "https://www.chess.com"]
[Date "2023.12.19"]
[Round "5"]
[White "WoolworthsManly"]
[Black "Dwilewicz, Katarzyna"]
[Result "1-0"]
[Board "109"]
[TimeControl "180+1"]
[BlackFideId "1148486"]
[WhiteElo "2671"]
[BlackElo "2098"]
[BlackTeam "POL"]
[WhiteClock "0:00:54"]
[BlackClock "0:00:02"]

1. e4 c5 2. Nf3 Nc6 3. Bb5 g6 4. O-O Bg7 5. c3 e5 6. d4 exd4 7. cxd4 Nxd4 8. Nxd4 Bxd4 9. Nc3 Ne7 10. Bh6 a6 11. Bc4 b5 12. Bd5 Nxd5 13. Nxd5 f6 14. Be3 Bxe3 15. fxe3 O-O 16. Nxf6+ Kg7 17. Qd5 Ra7 18. e5 Rc7 19. Rad1 Qe7 20. Rf4 Bb7 21. Qd6 Qxd6 22. exd6 Rcc8 23. Nxd7 Rxf4 24. exf4 c4 25. Ne5 Kf6 26. d7 Rd8 27. Kf2 Ke6 28. g3 Bd5 29. Ke3 a5 30. Kd4 g5 31. Kc5 Be4 32. Kxb5 Bd3 33. Nxd3 cxd3 34. Rxd3 gxf4 35. gxf4 1-0

[Event "December 19 Late 2023"]
[Site "https://www.chess.com"]
[Date "2023.12.19"]
[Round "5"]
[White "Carrasco Miranda, Andres"]
[Black "Guerra Tulcan, Lenin"]
[Result "1-0"]
[Board "110"]
[TimeControl "180+1"]
[WhiteFideId "3405990"]
[BlackFideId "3601382"]
[WhiteElo "2183"]
[BlackElo "2368"]
[WhiteTeam "CHI"]
[BlackTeam "ECU"]
[WhiteClock "0:00:13"]
[BlackClock "0:00:08"]

1. d4 Nf6 2. c4 c5 3. d5 d6 4. Nc3 g6 5. g3 Bg7 6. Bg2 O-O 7. e4 b6 8. Nge2 Bb7 9. O-O Nbd7 10. a4 a6 11. Rb1 Re8 12. h3 Qc7 13. f4 e6 14. dxe6 Rxe6 15. f5 Ree8 16. fxg6 hxg6 17. Nd5 Bxd5 18. exd5 b5 19. axb5 axb5 20. cxb5 Qb6 21. Nc3 Nh5 22. Kh2 Be5 23. Bf4 Nxf4 24. gxf4 Bg7 25. f5 Re3 26. fxg6 fxg6 27. Qg4 Ne5 28. Qe6+ Kh7 29. Ne4 Qd8 30. Rf4 Rxe4 31. Bxe4 Qg5 32. Rbf1 Ra2 33. R4f2 c4 34. b6 Qh4 35. b7 Qxe4 36. b8=Q c3 37. Qbg8+ Kh6 38. bxc3 Nf3+ 39. Kg3 Be5+ 40. Qxe5 Qxe5+ 41. Kxf3 Ra3 42. Qf8+ Kh5 43. Kg2 Rxc3 44. Rf3 Rc2+ 45. R1f2 Rxf2+ 46. Kxf2 Qb2+ 47. Kg3 Qe5+ 48. Qf4 Qe7 49. Qg4+ Kh6 50. Qh4+ Qxh4+ 51. Kxh4 g5+ 52. Kg4 Kg6 53. Rf5 1-0

[Event "December 19 Late 2023"]
[Site "https://www.chess.com"]
[Date "2023.12.19"]
[Round "5"]
[White "Khodabandeh, Milad"]
[Black "Kokoszczynski, Jan"]
[Result "0-1"]
[Board "111"]
[TimeControl "180+1"]
[WhiteFideId "12538620"]
[BlackFideId "1174460"]
[WhiteElo "1846"]
[BlackElo "2266"]
[WhiteTeam "IRI"]
[BlackTeam "POL"]
[WhiteClock "0:00:03"]
[BlackClock "0:00:08"]

1. e4 c5 2. Nf3 d6 3. d4 cxd4 4. Nxd4 Nf6 5. Nc3 g6 6. f3 Bg7 7. Be3 O-O 8. Qd2 Nc6 9. O-O-O d5 10. Qe1 e5 11. Nxc6 bxc6 12. exd5 Nxd5 13. Bc5 Re8 14. Ne4 Qc7 15. h4 h6 16. g4 Be6 17. Kb1 Rad8 18. g5 h5 19. Bh3 Bxh3 20. Rxh3 Nf4 21. Rh2 Rd5 22. Rhd2 Red8 23. c4 Rd3 24. Rxd3 Rxd3 25. Rxd3 Nxd3 26. Qe3 Qd7 27. Bd6 Nf4 28. Qb3 Kh7 29. Qb8 Qf5 30. Qe8 Ne6 31. a3 Qxf3 32. Nc3 e4 33. Qd7 e3 34. Ka2 e2 35. Nxe2 Qxe2 36. Qxf7 Qxb2# 0-1

[Event "December 19 Late 2023"]
[Site "https://www.chess.com"]
[Date "2023.12.19"]
[Round "5"]
[White "Colas, Joshua"]
[Black "Kovalevsky, Stanislav"]
[Result "1-0"]
[Board "112"]
[TimeControl "180+1"]
[WhiteFideId "2044447"]
[BlackFideId "13508598"]
[WhiteElo "2347"]
[BlackElo "2043"]
[WhiteTeam "USA"]
[BlackTeam "FID"]
[WhiteClock "0:00:08"]
[BlackClock "0:00:00"]

1. d4 d5 2. Nc3 Nf6 3. Bf4 e6 4. e3 a6 5. g4 c5 6. g5 Nfd7 7. h4 Nc6 8. Nf3 Be7 9. Bg2 b5 10. h5 h6 11. g6 f6 12. Bh3 Nb6 13. O-O O-O 14. a4 b4 15. Ne2 e5 16. Bxc8 Qxc8 17. dxe5 fxe5 18. Nxe5 Nxe5 19. Bxe5 Rf5 20. f4 Rxh5 21. Ng3 Rh4 22. f5 Bg5 23. Qf3 Qc6 24. Rae1 Nc4 25. Bxg7 Kxg7 26. f6+ Qxf6 27. Nf5+ Kxg6 28. Nxh4+ Bxh4 29. Qxd5 Qg5+ 30. Qxg5+ Bxg5 31. e4 Nxb2 32. Rf5 1-0

[Event "December 19 Late 2023"]
[Site "https://www.chess.com"]
[Date "2023.12.19"]
[Round "5"]
[White "Fitol, Szymon"]
[Black "Rodriguez Fontecha, Marcos"]
[Result "0-1"]
[Board "113"]
[TimeControl "180+1"]
[WhiteFideId "41857038"]
[BlackFideId "2256576"]
[WhiteElo "2343"]
[BlackElo "2249"]
[WhiteTeam "POL"]
[BlackTeam "ESP"]
[WhiteClock "0:00:00"]
[BlackClock "0:00:43"]

1. c4 c6 2. Nc3 d5 3. cxd5 cxd5 4. d4 Nc6 5. Nf3 Nf6 6. e3 Bf5 7. Bd2 e6 8. Be2 h6 9. O-O Bd6 10. Rc1 O-O 11. Qb3 Qb6 12. Qxb6 axb6 13. Nb5 Be7 14. a3 Ne4 15. Be1 Rfc8 16. Nd2 Nd6 17. Nb3 Nc4 18. Bc3 Na7 19. Nxa7 Rxa7 20. Nd2 Nxa3 21. bxa3 Bxa3 22. Bb2 Rxc1 23. Bxc1 Bxc1 24. Rxc1 Ra2 25. Rd1 Bc2 26. Re1 Ba4 27. Nb1 Rc2 28. Bd1 Rc1 29. Kf1 Rxd1 30. Rxd1 Bxd1 31. Ke1 Bb3 32. Kd2 Kf8 33. Kc3 Ba4 34. Kb4 Be8 35. Nc3 Ke7 36. Ne2 Kd6 37. Nf4 f6 38. g3 e5 39. Ne2 g5 40. Nc3 Bc6 41. Ne2 Ke6 42. f3 Kf5 43. g4+ Ke6 44. h3 f5 45. Ng3 f4 46. exf4 gxf4 47. Nf5 e4 48. Kc3 b5 49. Nxh6 b4+ 50. Kxb4 exf3 51. g5 f2 52. g6 f1=Q 53. g7 Qc4+ 54. Ka3 Qa4+ 55. Kb2 Qxd4+ 56. Ka3 Qxg7 0-1

[Event "December 19 Late 2023"]
[Site "https://www.chess.com"]
[Date "2023.12.19"]
[Round "5"]
[White "Mkrtchyan, Mikayel"]
[Black "Mazzilli, Piero"]
[Result "1-0"]
[Board "114"]
[TimeControl "180+1"]
[WhiteFideId "13305743"]
[BlackFideId "807087"]
[WhiteElo "2033"]
[BlackElo "2309"]
[WhiteTeam "ARM"]
[BlackTeam "ITA"]
[WhiteClock "0:00:55"]
[BlackClock "0:00:58"]

1. g3 d5 2. d4 c6 3. Bg2 Nf6 4. Nf3 Bf5 5. c4 e6 6. O-O h6 7. Re1 Nbd7 8. Nc3 Be7 9. Ne5 O-O 10. b3 Bb4 11. Bd2 Nxe5 12. dxe5 Nd7 13. e4 Bxc3 14. Bxc3 Bxe4 15. Bxe4 dxe4 16. Rxe4 Nc5 17. Rd4 Qb6 18. Qd2 Rfd8 19. Rd1 Rxd4 20. Qxd4 Na6 21. Qxb6 axb6 22. Rd7 Nc5 23. Rd2 Kf8 24. Bb4 Ke7 25. f3 Rd8 26. Rxd8 Kxd8 27. Bxc5 bxc5 28. Kf2 Ke7 29. Ke3 f5 30. exf6+ Kxf6 31. Ke4 b6 32. f4 g6 33. h4 h5 34. a3 Kf7 35. Ke5 Ke7 36. a4 Kd7 37. Kf6 1-0

[Event "December 19 Late 2023"]
[Site "https://www.chess.com"]
[Date "2023.12.19"]
[Round "5"]
[White "Cardozo Munar, Carlos Eduardo"]
[Black "Kotlyar, Kirill"]
[Result "0-1"]
[Board "115"]
[TimeControl "180+1"]
[WhiteFideId "4409477"]
[BlackFideId "24145599"]
[WhiteElo "2067"]
[BlackElo "2397"]
[WhiteTeam "COL"]
[BlackTeam "RUS"]
[WhiteClock "0:00:00"]
[BlackClock "0:01:13"]

1. g3 Nf6 2. Bg2 g6 3. Nf3 Bg7 4. O-O O-O 5. d4 d5 6. c3 c5 7. Nbd2 Nbd7 8. Re1 Qc7 9. e4 dxe4 10. Nxe4 Nxe4 11. Rxe4 Nf6 12. Rh4 Bf5 13. a3 Rad8 14. Bg5 Rfe8 15. Qb3 Ne4 16. Bf4 Qc8 17. Be5 c4 18. Qa4 f6 19. Bf4 g5 20. Rh5 Bg4 21. Bxg5 Bxh5 22. Be3 e5 23. Qxa7 Bg4 24. Re1 Bh3 25. dxe5 Bxg2 26. Kxg2 fxe5 27. Bb6 Qc6 28. Bxd8 Ng5 29. Qe3 Nxf3 30. Qxf3 Qxf3+ 31. Kxf3 Rxd8 32. Re4 Rd2 33. Rxc4 Rxb2 34. Rc7 Rb3 35. Kg2 b5 0-1